| TOP OF THE 1ST |
|
Oneonta Indians batting - Pitching for Auburn Red Stars : LHP Israel Chavez
|
|
Pitching: LHP Israel Chavez
|
|
|
Batting: RHB Mitchell Olson
|
0-0: Ball 1-0: Called Strike 1-1: Ball 2-1: Fly out, F2 (Popup, 15S, EV 80.6 MPH)
|
|
Batting: RHB Richard James
|
0-0: Ground out 6-3 (Groundball, P, EV 85.6 MPH)
|
|
Batting: LHB Lenny Nay
|
0-0: Ball 1-0: Ball 2-0: Called Strike 2-1: Ball 3-1: Base on Balls
|
|
Batting: LHB Frank Martinez
|
0-0: Called Strike 0-1: Ball 1-1: Ball 2-1: Fielders Choice at 2nd, 6-4 (Groundball, 6, EV 79.4 MPH)
|
| Top of the 1st over - 0 runs, 0 hits, 0 errors, 1 left on base; Oneonta 0 - Auburn 0 |
| BOTTOM OF THE 1ST |
|
Auburn Red Stars batting - Pitching for Oneonta Indians : LHP Steve K Davis
|
|
Pitching: LHP Steve K Davis
|
|
|
Batting: RHB Tom Howser
|
0-0: Called Strike 0-1: Swinging Strike 0-2: Foul Ball, location: 2F 0-2: Strikes out swinging
|
|
Batting: RHB Clemente Acuna
|
0-0: Called Strike 0-1: Foul Ball, location: 2F 0-2: Ball 1-2: Strikes out swinging
|
|
Batting: LHB John Stefero
|
0-0: Foul Ball, location: 2F 0-1: Ground out 4-3 (Groundball, 4, EV 87.5 MPH)
|
| Bottom of the 1st over - 0 runs, 0 hits, 0 errors, 0 left on base; Oneonta 0 - Auburn 0 |
| TOP OF THE 2ND |
|
Oneonta Indians batting - Pitching for Auburn Red Stars : LHP Israel Chavez
|
|
Batting: RHB Marcos Rodriguez
|
0-0: Called Strike 0-1: Ball 1-1: Fly out, F7 (Flyball, 78M, EV 87.5 MPH)
|
|
Batting: LHB Harry Jones
|
0-0: Called Strike 0-1: Fly out, F3 (Line Drive, 3, EV 65.0 MPH)
|
|
Batting: LHB Chris Forgione
|
0-0: Foul Ball, location: 2F 0-1: Ball 1-1: Fly out, F2 (Popup, 2R, EV 91.9 MPH)
|
| Top of the 2nd over - 0 runs, 0 hits, 0 errors, 0 left on base; Oneonta 0 - Auburn 0 |
| BOTTOM OF THE 2ND |
|
Auburn Red Stars batting - Pitching for Oneonta Indians : LHP Steve K Davis
|
|
Batting: RHB Alfredo Torres
|
0-0: Ball 1-0: Ball 2-0: Called Strike 2-1: Called Strike 2-2: Strikes out looking
|
|
Batting: RHB Jose Rodriguez
|
0-0: Called Strike 0-1: Ball 1-1: Ground out 5-3 (Groundball, 56, EV 103.8 MPH)
|
|
Batting: RHB Steve McQueen
|
0-0: Ball 1-0: Called Strike 1-1: Ball 2-1: Ball 3-1: Single, Error in OF, E7, batter to second base (Line Drive, 7S, EV 109.4 MPH)
|
|
Batting: LHB Luis Roman
|
0-0: Ball 1-0: Ball 2-0: Ball 3-0: Called Strike 3-1: Base on Balls
|
|
Batting: RHB William Chamberlain
|
0-0: SINGLE (Groundball, 34D, EV 107.5 MPH) Steve McQueen to third Luis Roman to second Runner from 3rd tries for Home, SAFE, throw by RF to home
|
|
Batting: RHB Antonio Quevedo
|
0-0: Fly out, F1 (Line Drive, P, EV 66.3 MPH)
|
| Bottom of the 2nd over - 1 run, 2 hits, 1 error, 2 left on base; Oneonta 0 - Auburn 1 |
| TOP OF THE 3RD |
|
Oneonta Indians batting - Pitching for Auburn Red Stars : LHP Israel Chavez
|
|
Batting: RHB Patrick O'Hara
|
0-0: Foul Ball, location: 2F 0-1: Fly out, F4 (Popup, 4, EV 65.0 MPH)
|
|
Batting: RHB Alberto Zappala
|
0-0: Called Strike 0-1: Ball 1-1: Ground out U3 (Groundball, 3, EV 103.8 MPH)
|
|
Batting: RHB Mitchell Olson
|
0-0: Ball 1-0: Foul Ball, location: 2F 1-1: Ball 2-1: Foul Ball, location: 2F 2-2: DOUBLE (Flyball, 7LD, EV 104.4 MPH)
|
|
Batting: RHB Richard James
|
0-0: Ground out U3 (Groundball, 34, EV 105.6 MPH)
|
| Top of the 3rd over - 0 runs, 1 hit, 0 errors, 1 left on base; Oneonta 0 - Auburn 1 |
| BOTTOM OF THE 3RD |
|
Auburn Red Stars batting - Pitching for Oneonta Indians : LHP Steve K Davis
|
|
Batting: RHB Tom Howser
|
0-0: Swinging Strike 0-1: Ball 1-1: Ball 2-1: Swinging Strike 2-2: Ball 3-2: Ground out 4-3 (Groundball, 13, EV 86.3 MPH)
|
|
Batting: RHB Clemente Acuna
|
0-0: Called Strike 0-1: SINGLE (Line Drive, 4MD, EV 105.6 MPH)
|
|
Batting: LHB John Stefero
|
0-0: Called Strike 0-1: Ball 1-1: Fly out, F8 (Flyball, 8RM, EV 88.8 MPH)
|
|
Batting: RHB Alfredo Torres
|
0-0: Ball 1-0: Called Strike 1-1: Foul Ball, location: 2F 1-2: SINGLE (Groundball, 4MD, EV 105.6 MPH) Clemente Acuna to second Runner from 2nd tries for 3rd, SAFE, throw by CF made to third
|
|
Batting: RHB Jose Rodriguez
|
0-0: Called Strike 0-1: Ball 1-1: Ball 2-1: Ball 3-1: Foul Ball, location: 2F 3-2: Foul Ball, location: 2F 3-2: Foul Ball, location: 2F 3-2: Foul Ball, location: 2F 3-2: Ground out 4-3 (Groundball, 34, EV 110.0 MPH)
|
| Bottom of the 3rd over - 0 runs, 2 hits, 0 errors, 2 left on base; Oneonta 0 - Auburn 1 |
| TOP OF THE 4TH |
|
Oneonta Indians batting - Pitching for Auburn Red Stars : LHP Israel Chavez
|
|
Batting: LHB Lenny Nay
|
0-0: Swinging Strike 0-1: Ball 1-1: Ball 2-1: Ball 3-1: Swinging Strike 3-2: Strikes out swinging
|
|
Batting: LHB Frank Martinez
|
0-0: Called Strike 0-1: Swinging Strike 0-2: Ball 1-2: Ground out 6-3 (Groundball, 6D, EV 105.0 MPH)
|
|
Batting: RHB Marcos Rodriguez
|
0-0: Fly out, F8 (Line Drive, 8LM, EV 100.6 MPH)
|
| Top of the 4th over - 0 runs, 0 hits, 0 errors, 0 left on base; Oneonta 0 - Auburn 1 |
| BOTTOM OF THE 4TH |
|
Auburn Red Stars batting - Pitching for Oneonta Indians : LHP Steve K Davis
|
|
Batting: RHB Steve McQueen
|
0-0: Ball 1-0: Ball 2-0: Foul Ball, location: 2F 2-1: Foul Ball, location: 2F 2-2: Ball 3-2: Ground out U3 (Groundball, 34, EV 81.3 MPH)
|
|
Batting: LHB Luis Roman
|
0-0: Ball 1-0: Foul Ball, location: 2F 1-1: Ball 2-1: Ground out 4-3 (Groundball, 4, EV 84.4 MPH)
|
|
Batting: RHB William Chamberlain
|
0-0: Called Strike 0-1: Fly out, F7 (Flyball, 78S, EV 90.6 MPH)
|
| Bottom of the 4th over - 0 runs, 0 hits, 0 errors, 0 left on base; Oneonta 0 - Auburn 1 |
| TOP OF THE 5TH |
|
Oneonta Indians batting - Pitching for Auburn Red Stars : LHP Israel Chavez
|
|
Batting: LHB Harry Jones
|
0-0: Called Strike 0-1: Ball 1-1: Called Strike 1-2: Foul Ball, location: 2F 1-2: Strikes out swinging, 2-3 out at first.
|
|
Batting: LHB Chris Forgione
|
0-0: Ball 1-0: Swinging Strike 1-1: Called Strike 1-2: Foul Ball, location: 2F 1-2: Ball 2-2: Ball 3-2: Foul Ball, location: 2F 3-2: Foul Ball, location: 2F 3-2: Foul Ball, location: 2F 3-2: Fly out, F8 (Flyball, 78M, EV 85.0 MPH)
|
|
Batting: RHB Patrick O'Hara
|
0-0: Called Strike 0-1: Called Strike 0-2: Strikes out looking
|
| Top of the 5th over - 0 runs, 0 hits, 0 errors, 0 left on base; Oneonta 0 - Auburn 1 |
| BOTTOM OF THE 5TH |
|
Auburn Red Stars batting - Pitching for Oneonta Indians : LHP Steve K Davis
|
|
Batting: RHB Antonio Quevedo
|
0-0: Ground out 5-3 (Groundball, 56, EV 109.4 MPH)
|
|
Batting: RHB Tom Howser
|
0-0: Ball 1-0: Foul Ball, location: 2F 1-1: Reached on error, E1 (Groundball, 15S, EV 75.0 MPH)
|
|
Batting: RHB Clemente Acuna
|
0-0: Called Strike 0-1: Called Strike 0-2: Ball 1-2: Strikes out looking
|
|
Batting: LHB John Stefero
|
0-0: Fly out, F7 (Flyball, 7S, EV 86.9 MPH)
|
| Bottom of the 5th over - 0 runs, 0 hits, 1 error, 1 left on base; Oneonta 0 - Auburn 1 |
| TOP OF THE 6TH |
|
Oneonta Indians batting - Pitching for Auburn Red Stars : LHP Israel Chavez
|
|
Batting: RHB Alberto Zappala
|
0-0: Ball 1-0: Ground out 4-3 (Groundball, 4S, EV 67.5 MPH)
|
|
Batting: RHB Mitchell Olson
|
0-0: Foul Ball, location: 2F 0-1: Ball 1-1: Foul Ball, location: 2F 1-2: Strikes out looking
|
|
Batting: RHB Richard James
|
0-0: Called Strike 0-1: Ground out U3 (Groundball, 3S, EV 68.1 MPH)
|
| Top of the 6th over - 0 runs, 0 hits, 0 errors, 0 left on base; Oneonta 0 - Auburn 1 |
| BOTTOM OF THE 6TH |
|
Auburn Red Stars batting - Pitching for Oneonta Indians : LHP Steve K Davis
|
|
Batting: RHB Alfredo Torres
|
0-0: Ball 1-0: Foul Ball, location: 2F 1-1: Fly out, F6 (Popup, 6M, EV 64.4 MPH)
|
|
Batting: RHB Jose Rodriguez
|
0-0: Called Strike 0-1: Ground out 4-3 (Groundball, 4, EV 99.4 MPH)
|
|
Batting: RHB Steve McQueen
|
0-0: Ball 1-0: Ball 2-0: Ball 3-0: Called Strike 3-1: Swinging Strike 3-2: Base on Balls
|
|
Batting: LHB Luis Roman
|
0-0: Ball 1-0: Called Strike 1-1: Called Strike 1-2: Strikes out swinging
|
| Bottom of the 6th over - 0 runs, 0 hits, 0 errors, 1 left on base; Oneonta 0 - Auburn 1 |
| TOP OF THE 7TH |
|
Oneonta Indians batting - Pitching for Auburn Red Stars : LHP Israel Chavez
|
|
Batting: LHB Lenny Nay
|
0-0: Ball 1-0: Called Strike 1-1: DOUBLE (Flyball, 8RXD, EV 100.0 MPH)
|
|
Pinch Hitting: RHB William Luzinski
|
0-0: Called Strike 0-1: Called Strike 0-2: Ball 1-2: Strikes out swinging
|
|
Batting: RHB Marcos Rodriguez
|
0-0: Ball 1-0: Called Strike 1-1: Called Strike 1-2: Ball 2-2: Fly out, F8 (Flyball, 78XD, EV 84.4 MPH) Runner from 2nd tags up, SAFE at 3rd, no throw by CF
|
|
Pinch Hitting: RHB Edward Connors
|
0-0: Called Strike 0-1: Ball 1-1: Swinging Strike 1-2: Fly out, F4 (Flyball, 34D, EV 95.0 MPH)
|
| Top of the 7th over - 0 runs, 1 hit, 0 errors, 1 left on base; Oneonta 0 - Auburn 1 |
| BOTTOM OF THE 7TH |
|
Auburn Red Stars batting - Pitching for Oneonta Indians : LHP Steve K Davis
|
|
Now at 1B: Kirk Richmond
|
|
|
Now in LF: William Luzinski
|
|
|
Batting: RHB William Chamberlain
|
0-0: Ball 1-0: Ball 2-0: Swinging Strike 2-1: Foul Ball, location: 2F 2-2: Strikes out looking
|
|
Batting: RHB Antonio Quevedo
|
0-0: Foul Ball, location: 2F 0-1: Ground out 5-3 (Groundball, 5, EV 85.0 MPH)
|
|
Batting: RHB Tom Howser
|
0-0: Foul Ball, location: 2F 0-1: Called Strike 0-2: Foul Ball, location: 2F 0-2: Ball 1-2: Foul Ball, location: 2F 1-2: Foul Ball, location: 2F 1-2: Foul Ball, location: 2F 1-2: Foul Ball, location: 2F 1-2: Fly out, F8 (Flyball, 8RD, EV 90.6 MPH)
|
| Bottom of the 7th over - 0 runs, 0 hits, 0 errors, 0 left on base; Oneonta 0 - Auburn 1 |
| TOP OF THE 8TH |
|
Oneonta Indians batting - Pitching for Auburn Red Stars : LHP Israel Chavez
|
|
Batting: LHB Chris Forgione
|
0-0: SINGLE (Groundball, 4MD, EV 106.3 MPH)
|
|
Batting: RHB Patrick O'Hara
|
0-0: Fly out, F7 (Flyball, 7D, EV 105.6 MPH)
|
|
Batting: RHB Alberto Zappala
|
0-0: Ball 1-0: Bunted foul 1-1: Bunted foul 1-2: Ball 2-2: Grounds out, U3 (Groundball, 3L, EV 88.8 MPH)
|
|
Batting: RHB Mitchell Olson
|
0-0: Ball 1-0: Ball 2-0: Called Strike 2-1: Called Strike 2-2: Strikes out looking
|
| Top of the 8th over - 0 runs, 1 hit, 0 errors, 1 left on base; Oneonta 0 - Auburn 1 |
| BOTTOM OF THE 8TH |
|
Auburn Red Stars batting - Pitching for Oneonta Indians : LHP Steve K Davis
|
|
Batting: RHB Clemente Acuna
|
0-0: Ball 1-0: Foul Ball, location: 2F 1-1: Ball 2-1: Ball 3-1: Fly out, F4 (Popup, 4S, EV 76.9 MPH)
|
|
Pitching: LHP Dave Wyatt
|
|
|
Batting: LHB John Stefero
|
0-0: Ground out U3 (Groundball, 3S, EV 89.4 MPH)
|
|
Batting: RHB Alfredo Torres
|
0-0: SINGLE (Groundball, 56D, EV 102.5 MPH)
|
|
Batting: RHB Jose Rodriguez
|
0-0: Called Strike 0-1: Ball 1-1: Ball 2-1: Fly out, F9 (Flyball, 9D, EV 92.5 MPH)
|
| Bottom of the 8th over - 0 runs, 1 hit, 0 errors, 1 left on base; Oneonta 0 - Auburn 1 |
| TOP OF THE 9TH |
|
Oneonta Indians batting - Pitching for Auburn Red Stars : LHP Israel Chavez
|
|
Now at 2B: Alan Wiggins
|
|
|
Batting: RHB Richard James
|
0-0: SINGLE (Groundball, 34D, EV 106.3 MPH)
|
|
Batting: LHB Lenny Nay
|
0-0: Swinging Strike 0-1: Foul Ball, location: 2F 0-2: Strikes out swinging
|
|
Pitching: RHP Greg Booker
|
|
|
Batting: RHB William Luzinski
|
0-0: Ball 1-0: SINGLE (Groundball, 34D, EV 103.8 MPH) Richard James to second Runner from 2nd tries for 3rd, SAFE, no throw by RF
|
|
Pinch Hitting: LHB Steve Swinney
|
0-0: Ball 1-0: Fielders Choice at 2nd, 1-6 (Groundball, 13S, EV 66.9 MPH)
|
|
Pinch Hitting: LHB Gary Venner
|
0-0: Ball 1-0: Ball 2-0: Fielders Choice at 2nd, 5-4 (Groundball, 56, EV 100.6 MPH)
|
| Top of the 9th over - 0 runs, 2 hits, 0 errors, 2 left on base; Oneonta 0 - Auburn 1 |
|